 Dungeon Crawl Stone Soup version 0.29-a0-303-ge4682ce883 (webtiles) character file.

Game seed: 17916720248297504359

5 Goodini51 the Magician (level 1, 0/16 HPs)
             Began as a Vampire Wanderer on Mar 9, 2021.
             Slain by an endoplasm (1 damage)
             ... on level 1 of the Dungeon on Mar 25, 2022.
             The game lasted 00:06:11 (119 turns).

Goodini51 the Magician (Vampire Wanderer)            Turns: 119, Time: 00:06:11

Health: 0/16       AC:  3    Str: 11    XL:     1   Next: 66%
Magic:  4/4        EV: 11    Int: 15    God:
Gold:   0          SH:  0    Dex: 12    Spells: 5/6 levels left

rFire   . . .      SeeInvis +   a - +0 dagger
rCold   . . .      Faith    .   (no shield)
rNeg    . . .      Spirit   .   c - +0 robe
rPois   .          Reflect  .   (no helmet)
rElec   .          Harm     .   (no cloak)
rCorr   .          Rampage  .   (no gloves)
Will    .....                   f - +0 pair of boots
Stlth   +.........              (no amulet)
HPRegen 0.25/turn               (no ring)
MPRegen 0.09/turn               (no ring)

@: healing quickly
A: alive, fangs 3, see invisible, vampiric 1
a: Exsanguinate


You were on level 1 of the Dungeon.
You visited 1 branch of the dungeon, and saw 1 of its levels.

Inventory:

Hand Weapons
 a - a +0 dagger (weapon)
Armour
 c - a +0 robe (worn)
 f - a +0 pair of boots (worn)
Wands
 d - a wand of flame (15)
Scrolls
 b - a scroll of enchant armour {unknown}
 e - a scroll of magic mapping {unknown}


   Skills:
 + Level 2.0 Fighting
 + Level 0.4 Short Blades
 + Level 1.1 Dodging
 + Level 1.0 Shields
 + Level 3.0 Spellcasting
 + Level 1.0 Summonings
 + Level 1.1 Necromancy
 + Level 1.0 Evocations


You had 5 spell levels left.
You knew the following spells:

 Your Spells              Type           Power      Damage    Failure   Level
a - Apportation           Tloc           4%         N/A       21%         1

Your spell library contained the following spells:

 Spells                   Type           Power      Damage    Failure   Level
 Gell's Gravitas          Tloc           2%         N/A       52%         3


Dungeon Overview and Level Annotations

Branches:
Dungeon (1/15)

Altars:


Innate Abilities, Weirdness & Mutations

Your natural rate of healing is accelerated.
You have razor-sharp teeth.
You have supernaturally acute eyesight. (SInv)
You are afflicted with vampirism.


Message History

Confirm with . or Enter, or press ? or * to list all spells.
You don't know that spell.
Casting: Apportation (safe; 21% risk of failure)
Confirm with . or Enter, or press ? or * to list all spells.
You don't know that spell.
Casting: Apportation (safe; 21% risk of failure)
Confirm with . or Enter, or press ? or * to list all spells.
You don't know that spell.
The hobgoblin hits you but does no damage.
You closely miss the hobgoblin. The hobgoblin hits you.
You hit the hobgoblin but do no damage. The hobgoblin hits you.
You hit the hobgoblin but do no damage. Your punch misses the hobgoblin.
The hobgoblin misses you. The endoplasm hits you.
The hobgoblin attacks as you move away! The hobgoblin hits you.
* * * LOW HITPOINT WARNING * * *
You hit the hobgoblin.
You bite the hobgoblin, but do no damage.
The hobgoblin is moderately wounded.
The hobgoblin hits you.
* * * LOW HITPOINT WARNING * * *
The endoplasm hits you but does no damage.
You hit the hobgoblin but do no damage.
The hobgoblin is moderately wounded.
The hobgoblin closely misses you.
You hit the hobgoblin.
The hobgoblin is almost dead.
The endoplasm hits you but does no damage.
The hobgoblin closely misses you.
You closely miss the hobgoblin. Your bite misses the hobgoblin.
The hobgoblin is almost dead.
The endoplasm barely misses you. The hobgoblin completely misses you.
You closely miss the hobgoblin. Your bite misses the hobgoblin.
The hobgoblin is almost dead.
The endoplasm hits you.
* * * LOW HITPOINT WARNING * * *
The hobgoblin closely misses you.
You hit the hobgoblin.
You kill the hobgoblin!
The endoplasm hits you.
You die...

...♣♣......♣☼§......⌠
♣♣PP.♣♣....♣...∩.<.∩..
..P. ♣....♣.⌠......○§
...P. ♣..☼☼§♣♣⌠..∩[.§♣
..P♣♣♣ ♣..○§○..♣⌠...⌠.§
♣P♣♣#..○☼8♣§.⌠.⌠♣♣♣
♣♣...☼.☼§☼§♣♣♣..♣ #. ♣
♣.......○§♣♣...♣..
$...#.#?@...§☼§§..♣♣.♣♣#
.......J.....§§§.....#
.....#......§.#......#
...........##.######...
............♣.♣ .
............♣.♣
............♣.♣
............♣.♣
............♣.♣


You could see an endoplasm.

Vanquished Creatures
  A dart slug (D:1)
  2 hobgoblins (D:1)
  A kobold (D:1)
4 creatures vanquished.

Notes
Turn   | Place    | Note
-------+----------+-------------------------------------------
     0 | D:1      | Goodini51 the Vampire Wanderer began the quest for the Orb.
     0 | D:1      | Goodini51 set off with the following items: a +0 dagger, a
                  | +0 robe, a wand of flame (15); and the following spell
                  | memorised: Apportation; and the following spells available
                  | to memorise: Gell's Gravitas
     0 | D:1      | Reached XP level 1. HP: 16/16 MP: 4/4
    82 | D:1      | Upgraded the game from 0.27-a0-577-ge2a43ba0c9 to
                  | 0.28-a0-565-g7719699fd9
    84 | D:1      | Upgraded the game from 0.28-a0-565-g7719699fd9 to
                  | 0.29-a0-303-ge4682ce883
   119 | D:1      | Slain by an endoplasm

Illustrated notes

Levels and vault maps discovered:
D:1:      heliophobic_arrival_enchanted_forest, layout_rooms, serial_forest,
          infiniplex_forest_clump_small, infiniplex_forest_lined_room_2,
          infiniplex_forest_3_way, infiniplex_forest_clump_cross,
          infiniplex_forest_split, infiniplex_forest_zigzag_1,
          infiniplex_forest_straight_2, infiniplex_forest_lined_2,
          minmay_tromino_v4_b

Skill      XL: |  1 |
---------------+----+-----
Fighting       | 2 |  2.0
Short Blades   | |  0.4
Dodging        | |  1.1
Shields        | |  1.0
Spellcasting   | |  3.0
Summonings     | |  1.0
Necromancy     | |  1.1
Evocations     | |  1.0

Action                   || total
-------------------------++-------
Melee: Dagger            ||    28
       Punch             ||     3
       Bite              ||     1
Armor: Robe              ||     7
Dodge: Dodged            ||    13

Table legend: (Time is in decaauts)
 A = Elapsed time spent in this place.
 B = Non-inter-level travel time spent in this place.
 C = Inter-level travel time spent in this place.
 D = Time resting spent in this place.
 E = Time spent auto-exploring this place.
 F = Levels seen in this place.
 G = Mean time per level.
                   A        B        C        D        E       F      G
               +--------+--------+--------+--------+--------+-----+--------+
         Total |    118 |    118 |      0 |     10 |     44 |   1 |  118.0 |
       Dungeon |    118 |    118 |      0 |     10 |     44 |   1 |  118.0 |
               +--------+--------+--------+--------+--------+-----+--------+

Top non-repeatable levels by time:
     D:1: 118 daAuts
